 Dungeon Crawl Stone Soup version 0.18.1-48-g4cf74bf (webtiles) character file.

233 dearth the Chopper (level 6, 0/57 HPs)
             Began as a Hill Orc Fighter on Aug 6, 2016.
             Slain by Pikel
             ... wielding a +2 whip of flaming
              (7 damage)
             ... on level 4 of the Dungeon.
             The game lasted 00:07:35 (2946 turns).

dearth the Chopper (Hill Orc Fighter)               Turns: 2946, Time: 00:07:36

Health: 0/57       AC:  6    Str: 25    XL:     6   Next: 5%
Magic:  6/6        EV:  7    Int: 11    God:
Gold:   161        SH:  9    Dex: 11    Spells: 0 memorised, 5 levels left

rFire  . . .     SeeInvis .     a - +0 war axe
rCold  . . .     Gourm    .     b - +0 scale mail
rNeg   . . .     Faith    .     c - +0 shield
rPois  .         Spirit   .     (no helmet)
rElec  .         Dismiss  .     (no cloak)
rCorr  .         Reflect  .     (no gloves)
SustAt .         Harm     .     (no boots)
MR     .....                    (no amulet)
Stlth  ..........               r - +3 ring of intelligence
                                m - ring of wizardry

@: mighty, not resistant to hostile enchantments, extremely unstealthy
A: no striking features
a: no special abilities


You were on level 4 of the Dungeon.
You were very hungry.

You visited 1 branch of the dungeon, and saw 4 of its levels.

You collected 161 gold pieces.

Inventory:

Hand Weapons
 a - a +0 war axe (weapon)
Armour
 b - a +0 scale mail (worn)
 c - a +0 shield (worn)
 w - a +0 helmet
Jewellery
 m - a ring of wizardry (left hand)
 r - a +3 ring of intelligence (right hand)
Scrolls
 e - a scroll of remove curse
 h - 2 scrolls of recharging {unknown}
 l - 5 scrolls of identify {unknown}
 p - 5 scrolls of teleportation {unknown}
 s - 2 scrolls of enchant armour {unknown}
 t - a scroll of fog {unknown}
 u - a scroll of fear {unknown}
Potions
 i - a potion of curing {unknown}
 j - a potion of flight {unknown}
 k - a potion of heal wounds
 n - 2 potions of mutation {unknown}
 q - a potion of cure mutation {unknown}
 v - a potion of magic {unknown}
Comestibles
 f - 6 bread rations
 g - 3 meat rations
 o - 2 beef jerkies


   Skills:
 + Level 5.9 Fighting
 + Level 6.0 Axes
 - Level 3.4 Armour
 - Level 3.3 Shields


You had 5 spell levels left.
You didn't know any spells.

Dungeon Overview and Level Annotations

Branches:
Dungeon (4/15)
 Temple: D:4-7

Altars:
Cheibriados

Annotations:
D:4 Pikel


Message History

You hit the slave.
The slave is almost dead.
You slash the slave!
The slave is severely wounded.
You closely miss the slave. You block the slave's attack.
Pikel drinks a potion.
Pikel is healed!
The slave hits you.
* * * LOW HITPOINT WARNING * * *
You block the slave's attack. The slave barely misses you.
You slash Pikel!
Pikel is heavily wounded.
You slash the slave!
The slave is moderately wounded.
You miss the slave.
The slave is severely wounded.
You slash the slave!
You kill the slave!
That felt strangely unrewarding.
You barely miss the slave.
The slave is heavily wounded.
Pikel hits you with a whip of flaming!
You die...

########### #######
##.........#######......
#................#......
#.....ppK........+......
#.....[@p........#......
#....#######..#.....^...
#.. ............... #
.......K.........
....###.#..#......
.....p##.#..#......
.....p....#.##......
....S......p#.........
.$..........#.........


You could see Pikel and 3 slaves.

Vanquished Creatures
  A slave (D:4)
  A hound (D:4)
  A worker ant (D:4)
  Robin (D:3)
  3 adders
  An ooze (D:3)
  4 worms
  A dart slug (D:1)
  2 giant geckos
  8 orcs (D:3)
  A ball python (D:2)
  4 giant cockroaches
  18 goblins
  13 hobgoblins
  3 jackals (D:3)
  7 kobolds
  10 bats
  3 giant newts
  7 rats
89 creatures vanquished.

Vanquished Creatures (others)
  An orc wizard (D:3)
  A goblin (D:3)
2 creatures vanquished.

Grand Total: 91 creatures vanquished

Notes
Turn   | Place    | Note
--------------------------------------------------------------
     0 | D:1      | dearth the Hill Orc Fighter began the quest for the Orb.
     0 | D:1      | Reached XP level 1. HP: 19/19 MP: 1/1
    59 | D:1      | Reached skill level 3 in Axes
    59 | D:1      | Reached XP level 2. HP: 25/27 MP: 2/2
   521 | D:1      | Reached XP level 3. HP: 32/33 MP: 3/3
   818 | D:2      | Reached skill level 4 in Axes
   882 | D:2      | Found a snail-covered altar of Cheibriados.
  1152 | D:2      | Reached XP level 4. HP: 41/41 MP: 4/4
  1736 | D:3      | Reached skill level 5 in Fighting
  2218 | D:3      | Reached XP level 5. HP: 43/48 MP: 5/5
  2419 | D:3      | Noticed Robin
  2425 | D:3      | Reached skill level 5 in Axes
  2592 | D:3      | Killed Robin
  2599 | D:3      | Got an encrusted helmet
  2605 | D:3      | Identified the +0 helmet of the Devil's Advocate {+Fly Regen+ Str-4 Dex-5} (You took it off Robin on level 3 of the Dungeon)
  2915 | D:4      | Noticed a slave
  2916 | D:4      | Noticed a slave
  2916 | D:4      | Noticed a slave
  2916 | D:4      | Noticed Pikel
  2917 | D:4      | Noticed a slave
  2943 | D:4      | Reached skill level 6 in Axes
  2943 | D:4      | Reached XP level 6. HP: 26/57 MP: 6/6
  2946 | D:4      | Killed a slave
  2946 | D:4      | Slain by Pikel

Skill      XL: |  1  2  3  4  5 |
---------------+----------------+-----
Axes           | 3 4 6 |  6.0
Fighting       | 4 5 |  5.9
Armour         | |  3.4
Shields        | |  3.3

Action                   |  1- 3 |  4- 6 || total
-------------------------+-------+-------++-------
Melee: War axe           |   143 |   152 ||   295
  Use: Scroll            |       |     1 ||     1
       Potion            |       |     1 ||     1
  Eat: Chunk             |     1 |     5 ||     6
Armor: Scale mail        |    73 |   102 ||   175
Dodge: Dodged            |    40 |    66 ||   106
Block: Shield            |    62 |   107 ||   169
